Description

example

Replay - TvP example

Build Order

Get SALT Encoding   

  12  0:01  SCV  
  13  0:13  SCV  
  14  0:17  Supply Depot  
  14  0:25  SCV  
  15  0:39  SCV  
  15  0:40  Barracks  
  16  0:45  Refinery  
  16  0:51  SCV  
  17  1:03  SCV  
  18  1:15  SCV  
  19  1:28  Orbital Command  
  19  1:29  Reaper  
  20  1:45  Command Center  
  20  1:53  SCV  
  21  1:59  Barracks  
  21  2:09  Barracks Reactor  
  21  2:14  SCV  
  22  2:17  Supply Depot  
  22  2:25  Barracks  
  22  2:26  SCV  
  24  2:46  Marine x2  
  24  2:48  Barracks Tech Lab  
  27  2:57  Orbital Command  
  27  3:05  Engineering Bay, Bunker  
  28  3:11  Stimpack  
  28  3:14  Barracks Tech Lab  
  28  3:19  Marine x3  
  30  3:33  Combat Shields  
  30  3:34  Marine x2  
  34  3:46  Refinery  
  34  3:51  Supply Depot  
  34  3:53  Marine x3  
  39  3:59  Terran Infantry Weapons Level 1  
  41  4:15  Supply Depot  
  41  4:16  Marauder x2  
  48  4:26  Supply Depot  
  52  4:39  Marauder x2  
  58  4:47  Refinery  
  59  4:59  Concussive Shells  
  61  5:00  Marauder  
  64  5:16  Factory  
  66  5:21  Marauder, Barracks x2  
  70  5:47  Barracks  
  70  5:53  Terran Infantry Armor Level 1  
  70  5:56  Marauder, Reaper  
  70  6:18  Marauder  
  59  6:24  Barracks Tech Lab  
  59  6:27  Factory Reactor  
  59  6:28  Marauder  
  59  6:29  Starport  
  60  6:36  Barracks Tech Lab  
  60  6:38  Barracks Reactor  
  60  6:39  Marauder  
  79  7:16  Medivac x2  
  106  8:01  Medivac  
  116  8:08  Medivac  
Spawning Tool Build Advisor. Get it on Overwolf

Go to:

Details

  • Created by: Terradin
  • Published on: Aug 02, 2018
  • Modified on: Aug 02, 2018
  • Patch: 4.0.0
Show
View Real Time Build Order
Export as new Build Order

Comments (0)

There are no comments. Be the first!

Create an account to comment!